 Dungeon Crawl Stone Soup version 0.27-a0-291-gd9602db6ee (webtiles) character file.

Game seed: 16417732412370999721

20901 lessens the Destroyer (level 12, -3/83 HPs)
             Began as a Demonspawn Air Elementalist on Feb 9, 2021.
             Was an Elder of Vehumet.
             Slain by a red ugly thing (6 damage)
             ... in a volcano.
             The game lasted 00:47:47 (19128 turns).

lessens the Destroyer (DsAE)                       Turns: 19128, Time: 00:47:47

Health: -3/83      AC: 18    Str:  5    XL:     12   Next: 49%
Magic:  19/27      EV: 12    Int: 24    God:    Vehumet [****..]
Gold:   902        SH:  0    Dex: 14    Spells: 8/33 levels left

rFire    + + .     SeeInvis .   I - +12 hand axe of Kanax {vorpal, Str-5 Int+4}
rCold    + . .     Faith    .   (no shield)
rNeg     . . .     Spirit   .   f - +0 robe
rPois    +         Reflect  .   B - +1 hat
rElec    +         Harm     .   C - +2 cloak
rCorr    +         Rampage  .   n - +1 pair of gloves
Will     .....                  P - +2 pair of boots
Stlth    +.........             E - amulet of regeneration (curse)
HPRegen  0.63/turn              J - +4 ring of protection (curse)
MPRegen  0.20/turn              z - ring of protection from fire

@: confused, mighty, resistant
A: horns 2, molten scales 2, demonic magic 2
a: Renounce Religion


You were in a volcano.
You worshipped Vehumet.
Vehumet was greatly pleased with you.
You visited 3 branches of the dungeon, and saw 14 of its levels.
You also visited: Volcano.

You collected 980 gold pieces.
You spent 78 gold pieces at shops.

Inventory:

Hand Weapons
 a - a +1 dagger of venom
 b - a +0 hunting sling
 I - the +12 hand axe of Kanax (weapon) {vorpal, Str-5 Int+4}
   (You found it on level 6 of the Dungeon)

   It inflicts extra damage upon your enemies.
   It affects your strength (-5).
   It affects your intelligence (+4).
Missiles
 d - 4 atropa-tipped darts
 g - 403 stones
 t - 130 sling bullets
 w - 5 boomerangs of dispersal
 A - 9 throwing nets
 H - 5 boomerangs
 K - 57 poisoned darts
 Q - a curare-tipped dart
Armour
 f - a +0 robe (worn)
 n - a +1 pair of gloves (worn)
 B - a +1 hat (worn)
 C - a +2 cloak (worn)
 P - a +2 pair of boots (worn)
 Y - a +1 pair of boots of rampaging
Jewellery
 v - a +6 ring of strength
 z - a ring of protection from fire (right hand)
 E - a cursed amulet of regeneration (around neck)
 F - an uncursed ring of flight
 J - a cursed +4 ring of protection (left hand)
 O - an uncursed amulet of guardian spirit {unknown}
Wands
 s - a wand of flame (13)
 N - a wand of digging (16)
 S - a wand of iceblast (11)
Scrolls
 c - 2 scrolls of amnesia
 k - 2 scrolls of teleportation
 o - a scroll of fear
 p - a scroll of magic mapping
 x - 8 scrolls of enchant weapon
 y - 10 scrolls of identify
 G - 4 scrolls of remove curse
 M - a scroll of fog
 T - 2 scrolls of summoning {unknown}
 U - a scroll of silence {unknown}
 W - a scroll of enchant armour
Potions
 e - 5 potions of flight
 h - a potion of brilliance
 i - 4 potions of berserk rage
 j - 4 potions of lignification
 l - a potion of cancellation
 m - a potion of invisibility
 q - a potion of attraction
 r - 5 potions of haste
 u - a potion of degeneration
 R - a potion of might
 V - a potion of curing


   Skills:
 + Level 3.9 Fighting
 - Level 1.7 Dodging
 - Level 1.7 Stealth
 + Level 11.2 Spellcasting
 + Level 12.1 Conjurations
 - Level 9.6 Air Magic
 - Level 5.5 Poison Magic


You had 8 spell levels left.
You knew the following spells:

 Your Spells              Type           Power        Failure   Level
a - Shock                 Conj/Air       100%         1%          1
b - Static Discharge      Conj/Air       60%          1%          3
c - Airstrike             Air            28%          1%          4
d - Lightning Bolt        Conj/Air       30%          1%          5
e - Mephitic Cloud        Conj/Pois/Air  54%          1%          3
f - Olgreb's Toxic Radia  Pois           40%          1%          4
g - Irradiate             Conj/Tmut      21%          3%          5

Your spell library contained the following spells:

 Spells                   Type           Power        Failure   Level
 Lee's Rapid Deconstruct  Erth           6%           32%         5
 Freeze                   Ice            52%          1%          1
 Magic Dart               Conj           100%         1%          1
 Searing Ray              Conj           100%         1%          2
 Swiftness                Air            56%          1%          2
 Conjure Flame            Conj/Fire      42%          1%          3
 Dazzling Flash           Conj/Hex       84%          1%          3
 Fulminant Prism          Conj/Hex       21%          1%          4
 Hailstorm                Conj/Ice       42%          1%          4
 Iskenderun's Mystic Bla  Conj/Tloc      42%          1%          4
 Animate Skeleton         Necr           26%          4%          1
 Apportation              Tloc           26%          4%          1
 Corona                   Hex            14%          4%          1
 Summon Small Mammal      Summ           52%          4%          1
 Frozen Ramparts          Ice            26%          4%          3
 Blink                    Tloc           N/A          7%          2
 Call Imp                 Summ           13%          7%          2
 Slow                     Hex            13%          7%          2
 Ozocubu's Armour         Ice            13%          14%         3
 Summon Ice Beast         Ice/Summ       13%          43%         4


Dungeon Overview and Level Annotations

Branches:
Dungeon (11/15)            Temple (1/1) D:5            Lair (2/6) D:9
    Orc (0/2) D:11        Volcano (1/1)
  Swamp: Lair:2-4    Shoals: Lair:2-4     Snake: Lair:2-4    Spider: Lair:2-4

Altars:
Ashenzari
Cheibriados
Dithmenos
Elyvilon
Fedhas
Gozag
Hepliaklqana
Kikubaaqudgha
Makhleb
Nemelex Xobeh
Okawaru
Qazlal
Ru
Sif Muna
Trog
Uskayaw
Vehumet
Xom
Yredelemnul
Zin
The Shining One

Shops:
D:8 ?(((:   D:9 (

Annotations:
D:7 1 runed translucent door, Maimakterion's ghost, novice DsCK


Innate Abilities, Weirdness & Mutations

You have a pair of horns on your head.
You are mostly covered in molten scales. (AC +3)
Spells you cast may paralyse nearby enemies.


Message History

It was a potion of resistance.
You feel protected. The sun demon barely misses you.
You are confused.
You feel invigorated. The sun demon misses you. The sun demon hits you!
* * * LOW HITPOINT WARNING * * *
You are engulfed in flames.
You resist.
* * * LOW HITPOINT WARNING * * *
The sun demon hits you but does no damage.
You're too confused to move!
The red ugly thing tail-slaps you but does no damage.
The sun demon hits you but does no damage.
You bump into the rock wall.
The sun demon hits you.
* * * LOW HITPOINT WARNING * * *
You are engulfed in flames.
You resist.
* * * LOW HITPOINT WARNING * * *
The red ugly thing tail-slaps you.
* * * LOW HITPOINT WARNING * * *
You are engulfed in flames.
You resist.
You die...

# ≈§≈≈## ## ≈≈≈≈≈ §### ≈)$≈ ≈≈≈##
.!. ≈≈≈≈# .) ≈≈≈○## u# ≈≈≈○○#
###3# ######## .#
##########.@##### ###.)##...
.#####...........u...###..##...)[
#........≈≈§≈≈§≈≈.......#####§§.[
###....≈≈§§≈§§§≈≈≈....### #§§..
##...≈≈≈§§§§≈§§≈≈≈....# ##≈≈§
#...≈≈§≈≈§§≈≈≈≈≈....## ##§§
##...≈≈≈§§≈≈≈≈≈≈≈....# ##○
#....§≈§≈≈§≈≈≈≈....## #○
###...§§≈≈≈≈≈....### ##


You could see 2 ugly things and a sun demon.

Vanquished Creatures
  Harold (D:9)
  2 hydras (Lair:1)
  A catoblepas (D:11)
  3 two-headed ogres
  A hell knight (Volcano)
  Pikel (D:4)
  An ugly thing (D:9)
  Maurice (D:10)
  A black mamba (Lair:1)
  A black mamba (shapeshifter) (D:9)
  An elephant (D:8)
  5 cane toads
  2 rime drakes
  A komodo dragon (D:10)
  A tengu conjurer (D:11)
  A troll (D:11)
  Grinder (D:6)
  A red devil (Volcano)
  A slime creature (D:9)
  2 wyverns
  2 basilisks
  12 yaks
  3 fire bats (Lair:2)
  A steam dragon (D:11)
  2 water moccasins (Lair:1)
  2 ice beasts
  5 sky beasts
  5 orc warriors
  A black bear (D:9)
  A necrophage (D:10)
  A hornet zombie (D:7)
  3 ogres
  6 wolves
  6 centaurs
  A lemure (D:3)
  2 kobold brigands (D:10)
  13 bullfrogs
  2 phantoms
  A gnoll sergeant (D:9)
  4 scorpions
  13 killer bees
  A water moccasin skeleton (D:7)
  14 wights
  4 electric eels (Lair:1)
  4 howler monkeys
  A centaur zombie (D:9)
  9 hounds
  2 bullfrog zombies
  3 centaur skeletons
  A gnoll shaman (D:9)
  3 orc priests
  3 bullfrog skeletons
  Ijyb (D:3)
  Natasha (twice) (D:3)
  4 iguanas
  11 orc wizards
  12 worker ants
  A killer bee zombie (D:8)
  3 hound skeletons
  A howler monkey zombie (D:10)
  19 gnolls
  5 adders
  3 white imps
  An ufetubus (D:6)
  2 adder zombies (D:9)
  A worm (D:5)
  3 dart slugs
  8 leopard geckos
  23 orcs
  5 ball pythons
  5 bats
  4 giant cockroaches
  8 goblins
  4 hobgoblins
  11 jackals
  8 quokkas
  A frilled lizard (D:3)
  13 kobolds
  A quokka zombie (D:5)
  7 rats
327 creatures vanquished.

Vanquished Creatures (others)
  A wizard (D:8)
  4 fungi
  10 plants
15 creatures vanquished.

Grand Total: 342 creatures vanquished

Notes
Turn   | Place    | Note
-------+----------+-------------------------------------------
     0 | D:1      | lessens the Demonspawn Air Elementalist began the quest for
                  | the Orb.
     0 | D:1      | Reached XP level 1. HP: 13/13 MP: 3/3
   299 | D:1      | Gained mutation: Spells you cast may paralyse adjacent
                  | enemies. [demonic ancestry]
   299 | D:1      | Reached XP level 2. HP: 17/19 MP: 5/5
   909 | D:1      | Gained mutation: You are partially covered in molten
                  | scales. (AC +2) [demonic ancestry]
   909 | D:1      | Reached XP level 3. HP: 24/24 MP: 3/6
   998 | D:1      | Learned a level 3 spell: Static Discharge
  1059 | D:1      | Reached skill level 2 in Conjurations
  1265 | D:2      | Found a burning altar of Makhleb.
  1508 | D:2      | Reached XP level 4. HP: 26/30 MP: 3/8
  1931 | D:2      | Found a glowing silver altar of Zin.
  2555 | D:2      | Found a faded altar of an unknown god.
  2613 | D:3      | Noticed Ijyb
  2628 | D:3      | Learned a level 4 spell: Airstrike
  2644 | D:3      | Killed Ijyb
  2801 | D:3      | Reached XP level 5. HP: 32/35 MP: 9/9
  2996 | D:3      | Noticed Natasha
  3016 | D:3      | Killed Natasha
  3017 | D:3      | Reached skill level 3 in Conjurations
  3096 | D:3      | Noticed Natasha
  3106 | D:3      | Killed Natasha
  3997 | D:4      | Noticed a lemure
  4296 | D:4      | Reached XP level 6. HP: 39/41 MP: 11/11
  4320 | D:4      | Noticed Pikel
  4514 | D:4      | Killed Pikel
  4515 | D:4      | Reached skill level 4 in Conjurations
  4515 | D:4      | Reached skill level 5 in Air Magic
  4515 | D:4      | Gained mutation: You have a pair of small horns on your
                  | head. [demonic ancestry]
  4515 | D:4      | Reached XP level 7. HP: 46/46 MP: 11/14
  5136 | D:5      | Entered Level 5 of the Dungeon
  5192 | D:5      | Reached skill level 5 in Conjurations
  5223 | D:5      | Noticed a yak
  5258 | D:4      | Killed a yak
  5259 | D:4      | Reached skill level 5 in Spellcasting
  5417 | D:5      | Found a staircase to the Ecumenical Temple.
  5423 | Temple   | Entered the Ecumenical Temple
  5571 | Temple   | Became a worshipper of Vehumet
  5631 | D:5      | Noticed a yak
  5632 | D:5      | Noticed a yak
  5632 | D:5      | Noticed a yak
  5634 | D:5      | Noticed a yak
  5634 | D:5      | Noticed a yak
  5654 | D:4      | Gained mutation: You have a pair of horns on your head.
                  | [demonic ancestry]
  5654 | D:4      | Reached XP level 8. HP: 39/52 MP: 11/15
  5942 | D:5      | Reached skill level 6 in Conjurations
  6369 | D:5      | Found the +0 pair of fencer's gloves {Riposte Dex+3}
  6792 | D:6      | Found a snail-covered altar of Cheibriados.
  7430 | D:6      | Reached XP level 9. HP: 42/57 MP: 12/18
  7918 | D:6      | Reached skill level 7 in Conjurations
  7941 | D:6      | Learned a level 5 spell: Lightning Bolt
  7958 | D:6      | Learned a level 3 spell: Mephitic Cloud
  8093 | D:6      | Reached * piety under Vehumet
  8093 | D:6      | Offered knowledge of Foxfire by Vehumet.
  8093 | D:6      | Noticed Grinder
  8818 | D:6      | Killed Grinder
  8819 | D:6      | Reached skill level 8 in Conjurations
  8974 | D:6      | Got a polished hand axe
  8975 | D:6      | Identified the +12 hand axe of Kanax {vorpal, Str-5 Int+4}
                  | (You found it on level 6 of the Dungeon)
  9338 | D:7      | Found a shadowy altar of Dithmenos.
  9938 | D:7      | Found a runed translucent door.
  9938 | D:7      | Noticed Maimakterion's ghost (novice DsCK)
 10415 | D:8      | Reached XP level 10. HP: 63/63 MP: 12/21
 10543 | D:8      | Found Fyphak's Weapon Shop.
 10612 | D:8      | Found Meug's Antique Weapon Shop.
 10689 | D:8      | Found Boteitil's Antique Weapon Emporium.
 10691 | D:8      | Found Hash's Magic Scroll Emporium.
 10752 | D:8      | Bought a scroll of identify for 26 gold pieces
 10752 | D:8      | Bought a scroll of identify for 26 gold pieces
 10752 | D:8      | Bought a scroll of identify for 26 gold pieces
 10949 | D:8      | Found Ciackep's Book Emporium.
 11039 | D:8      | Offered knowledge of Sandblast by Vehumet.
 11121 | D:9      | Noticed an elephant
 11181 | D:9      | Noticed a two-headed ogre
 11181 | D:9      | Noticed a death knight
 11181 | D:9      | Noticed a purple ugly thing
 11198 | D:9      | Noticed a wizard
 11202 | D:9      | Reached ** piety under Vehumet
 11208 | D:8      | Killed a wizard
 11785 | D:9      | Reached skill level 9 in Conjurations
 11792 | D:9      | Killed a two-headed ogre
 11809 | D:9      | Killed a purple ugly thing
 11871 | D:9      | Noticed a black mamba
 11882 | D:9      | Killed a black mamba
 11995 | D:9      | Found Edoguil's Weapon Emporium.
 12246 | D:8      | Killed an elephant
 12516 | D:9      | Found a staircase to the Lair.
 12602 | D:9      | Offered knowledge of Stone Arrow by Vehumet.
 12954 | D:9      | Reached *** piety under Vehumet
 12976 | D:9      | Noticed Harold
 12980 | D:8      | HP: 3/63 [/static electricity (4)]
 12981 | D:8      | Gained mutation: You are mostly covered in molten scales.
                  | (AC +3) [demonic ancestry]
 12981 | D:8      | Reached XP level 11. HP: 4/68 MP: 12/24
 13309 | D:9      | Paralysed by Harold for 5 turns
 13352 | D:8      | HP: 2/68 [/static electricity (4)]
 13760 | D:9      | Reached skill level 10 in Conjurations
 13976 | D:9      | Offered knowledge of Olgreb's Toxic Radiance by Vehumet.
 13986 | D:9      | Paralysed by Harold for 5 turns
 14101 | D:7      | Learned a level 4 spell: Olgreb's Toxic Radiance
 14217 | D:8      | HP: 3/61 [something (8)]
 14391 | D:9      | Killed Harold
 14392 | D:9      | Reached skill level 1 in Poison Magic
 14663 | D:9      | Found a basalt altar of Yredelemnul.
 14669 | D:9      | Found a hazy altar of Hepliaklqana.
 14727 | D:9      | Found a sparkling altar of Nemelex Xobeh.
 14731 | D:9      | Found a hide-covered altar of Uskayaw.
 14742 | D:9      | Found a bloodstained altar of Trog.
 14753 | D:9      | Found a stormy altar of Qazlal.
 14764 | D:9      | Found a sacrificial altar of Ru.
 15055 | D:10     | Entered Level 10 of the Dungeon
 15075 | D:10     | Noticed Maurice
 15076 | D:10     | Reached **** piety under Vehumet
 15088 | D:10     | Offered knowledge of Irradiate by Vehumet.
 15095 | D:10     | Killed Maurice
 15268 | D:10     | Learned a level 5 spell: Irradiate
 15416 | D:10     | Reached skill level 10 in Spellcasting
 16216 | D:11     | Found a staircase to the Orcish Mines.
 16457 | D:11     | Noticed a catoblepas
 16457 | D:11     | Noticed a two-headed ogre
 16492 | D:11     | Killed a catoblepas
 16493 | D:11     | Reached skill level 11 in Conjurations
 16498 | D:11     | Killed a two-headed ogre
 16667 | D:11     | Noticed a two-headed ogre
 16677 | D:11     | Killed a two-headed ogre
 16678 | D:11     | Reached skill level 5 in Poison Magic
 16898 | D:11     | Reached ***** piety under Vehumet
 16898 | D:11     | Offered knowledge of Lee's Rapid Deconstruction by Vehumet.
 17312 | Lair:1   | Entered Level 1 of the Lair of Beasts
 17340 | Lair:1   | Noticed a four-headed hydra
 17345 | Lair:1   | Killed a four-headed hydra
 17346 | Lair:1   | Gained mutation: Spells you cast may paralyse nearby
                  | enemies. [demonic ancestry]
 17346 | Lair:1   | Reached XP level 12. HP: 74/74 MP: 7/26
 17521 | Lair:1   | Reached skill level 1 in Fighting
 17631 | Lair:1   | Noticed a four-headed hydra
 17639 | Lair:1   | Killed a four-headed hydra
 18872 | Lair:2   | Reached skill level 12 in Conjurations
 18912 | Lair:2   | Found a dark tunnel.
 18950 | Volcano  | Entered a volcano
 19128 | Volcano  | HP: 3/83 [red ugly thing (6)]
 19128 | Volcano  | Slain by a red ugly thing

Illustrated notes

Levels and vault maps discovered:
D:1:      giann_bridges, layout_basic, minmay_pentomino_q2
D:2:      layout_basic, lemuel_crystal_altar, marbit_many_paths,
          chequers_ecumenical_altar_grove
D:3:      layout_loops_corners, serial_rivers, chequers_serial_rivers_micro_a,
          chequers_serial_rivers_room_b, chequers_serial_rivers_micro_c,
          chequers_serial_rivers_micro_b, chequers_serial_rivers_micro_e,
          uniq_natasha, uniq_ijyb
D:4:      layout_basic, uniq_pikel
D:5:      layout_cave_pools, minmay_temple_entry_gardened_gates
D:6:      layout_basic, cheibriados_altar_1, uniq_grinder
D:7:      layout_loops_corners, overflow_temple_1_default,
          gammafunk_ghost_grave, minmay_misc_feat_five
D:8:      layout_rooms, serial_shops, shop, shop, shop, shop,
          nicolae_shop_window_shopping
D:9:      layout_big_octagon, grunt_temple_overflow_octagram,
          david_lair_generic, serial_gnoll_camp, gnoll_camp_mini_shop,
          gnoll_camp_mini_doghouse, gnoll_camp_medium_01,
          gnoll_camp_mini_loothouse, statue_in_the_mist_lemuel, minivault_28,
          uniq_harold
D:10:     layout_cave_pools, hex_tiny, minmay_lizard_king, uniq_maurice
D:11:     layout_roguey, orc_0_dummy
Temple:   minmay_temple_curvy_loop
Lair:1:   layout_gridlike, serial_bayou_lagoon_b, infiniplex_staircase_pool_2
Lair:2:   layout_gridlike, nicolae_volcano_entry_batcave,
          portal_ice_cave_entry_pillars_1, gammafunk_ghost_hive,
          beast_lair_carwin_2
Volcano:  volcano_pools

Skill      XL: |  1  2  3  4  5  6  7  8  9 10 11 12 |
---------------+-------------------------------------+-----
Air Magic      | 3 4 5 6 8 9 |  9.6
Conjurations   | 2 3 4 5 6 8 9 11 12 | 12.1
Spellcasting   | 3 4 5 6 7 9 10 11 | 11.2
Poison Magic   | 5 |  5.5
Fighting       | 3 |  3.9
Dodging        | |  1.7
Stealth        | |  1.7

Action                   |  1- 3 |  4- 6 |  7- 9 | 10-12 || total
-------------------------+-------+-------+-------+-------++-------
Melee: Dagger            |    44 |    77 |   151 |       ||   272
       Unarmed           |     6 |    11 |       |       ||    17
       Headbutt          |       |       |    28 |    26 ||    54
       Hand axe          |       |       |    25 |   226 ||   251
 Fire: Hunting sling     |       |       |    28 |       ||    28
 Cast: Shock             |    37 |    36 |   135 |    63 ||   271
       Airstrike         |       |       |    14 |    66 ||    80
       Static Discharge  |       |       |     7 |    55 ||    62
       Mephitic Cloud    |       |       |     4 |    13 ||    17
       Lightning Bolt    |       |       |       |    16 ||    16
       Olgreb's Toxic Ra |       |       |       |    50 ||    50
       Irradiate         |       |       |       |     5 ||     5
  Use: Scroll            |       |     5 |     8 |     8 ||    21
       Potion            |       |       |     2 |     7 ||     9
 Stab: Sleeping          |     1 |     3 |     2 |       ||     6
       Paralysed         |       |     4 |    11 |    39 ||    54
       Confused          |       |       |     3 |     3 ||     6
Armor: Robe              |    18 |    25 |    74 |   184 ||   301
       Skin              |       |     3 |     1 |       ||     4
Dodge: Dodged            |    35 |    68 |   119 |   229 ||   451

Table legend: (Time is in decaauts)
 A = Elapsed time spent in this place.
 B = Non-inter-level travel time spent in this place.
 C = Inter-level travel time spent in this place.
 D = Time resting spent in this place.
 E = Time spent auto-exploring this place.
 F = Levels seen in this place.
 G = Mean time per level.
                   A        B        C        D        E       F      G
               +--------+--------+--------+--------+--------+-----+--------+
         Total |  19253 |  18092 |   1161 |   2958 |  11744 |  15 | 1283.5 |
       Dungeon |  17214 |  16142 |   1072 |   2813 |  10260 |  11 | 1564.9 |
        Temple |    193 |    123 |     70 |      0 |    122 |   1 |  193.0 |
          Lair |   1665 |   1647 |     18 |    111 |   1362 |   2 |  832.5 |
       Volcano |    179 |    179 |      0 |     34 |      0 |   1 |  179.0 |
               +--------+--------+--------+--------+--------+-----+--------+

Top non-repeatable levels by time:
     D:8: 2838 daAuts
     D:4: 2050 daAuts
     D:9: 1915 daAuts
     D:5: 1604 daAuts
  Lair:1: 1474 daAuts
     D:3: 1424 daAuts
     D:6: 1403 daAuts
     D:2: 1340 daAuts
     D:1: 1247 daAuts
     D:7: 1226 daAuts
    D:11: 1120 daAuts
    D:10: 1042 daAuts
  Temple: 193 daAuts
  Lair:2: 191 daAuts
 Volcano: 179 daAuts
